 Dungeon Crawl Stone Soup version bcrawl-1.28.4 (webtiles) character file.

Game seed: 5157563002851005081

334162 esc the Fighter (level 10, -4/97 HPs)
             Began as a Hill Orc Archaeologist on Jan 14, 2021.
             Was a High Priest of Beogh.
             Slain by an orc knight
             ... wielding a +0 halberd
              (33 damage)
             ... in a bailey.
             The game lasted 00:20:47 (6527 turns).

esc the Fighter (Hill Orc Archaeologist)            Turns: 6527, Time: 00:20:48

Health: -4/97      AC: 24    Str: 23    XL:     10   Next: 21%
Magic:  10/10      EV: 11    Int: 14    God:    Beogh [*****.]
Gold:   302        SH:  0    Dex:  9    Spells: 9/9 levels left

rFire    + . .     SeeInvis .   z - +5 flail (protect)
rCold    + + .     Gourm    .   (no shield)
rNeg     . . .     Faith    .   y - +2 scale mail {rC+}
rPois    .         Spirit   .   I - +1 helmet
rElec    .         Reflect  .   B - scarf {rC+ rF+}
rCorr    .         Harm     .   D - +0 pair of gloves
MR       .....                  i - +1 pair of boots
Stlth    +.........             O - amulet of the acrobat
HPRegen  0.26/turn              (no ring)
MPRegen  0.12/turn              (no ring)

@: mighty, protection aura, studying Fighting
A: walk on water
a: Smiting, Recall Orcish Followers, Give Item to Named Follower, Renounce
Religion


You were in a bailey.
You worshipped Beogh.
Beogh was extremely pleased with you.
You were not hungry.

You visited 1 branch of the dungeon, and saw 7 of its levels.
You also visited: Sewer and Bailey.

You collected 302 gold pieces.

Inventory:

Hand Weapons
 b - a +0 blowgun
 z - a +5 flail of protection (weapon)
 M - a +0 halberd of venom
Missiles
 s - 145 poisoned needles
Armour
 i - a +1 pair of boots (worn)
 y - a +2 scale mail of cold resistance (worn)
 B - a scarf of resistance (worn)
 D - a +0 pair of gloves (worn)
 I - a +1 helmet (worn)
Jewellery
 a - an uncursed ring of ice
 O - an amulet of the acrobat (around neck)
Wands
 f - a wand of flame (10)
 n - a wand of iceblast (1)
 w - a wand of polymorph (10)
Scrolls
 g - a scroll of magic mapping
 j - 3 scrolls of teleportation
 k - a scroll of enchant weapon
 l - 3 scrolls of enchant armour
 m - a scroll of amnesia {unknown}
 p - 2 scrolls of blinking
 r - a scroll of torment {unknown}
 v - a scroll of remove curse
 C - a scroll of noise {unknown}
 H - a scroll of immolation {unknown}
 L - a scroll of fear {unknown}
Potions
 c - 3 potions of invisibility
 d - a potion of ambrosia
 o - 3 potions of cancellation
 q - a potion of brilliance
 t - 3 potions of lignification
 u - a potion of resistance {unknown}
 A - a potion of flight {unknown}
 E - 2 potions of agility {unknown}
 F - 2 potions of mutation {unknown}
 G - 3 potions of heal wounds {unknown}
 J - 6 potions of curing
 K - a potion of haste {unknown}
 N - a potion of degeneration {unknown}
Books
 h - a manual of Fighting
Comestibles
 e - 11 rations {!d}


   Skills:
 + Level 11.9 Fighting
   Level 11.9 Short Blades
   Level 11.9 Long Blades
   Level 11.9 Axes
   Level 11.9 Maces & Flails
   Level 11.9 Polearms
   Level 11.9 Staves
 + Level 10.5 Armour
 - Level 2.4 Dodging
 - Level 2.6 Stealth
   Level 11.9 Unarmed Combat


You had 9 spell levels left.
You didn't know any spells.
Your spell library was empty.

Dungeon Overview and Level Annotations

Branches:
Dungeon (7/12)             Temple (0/1) D:4
   Lair: D:7-9

Altars:
Fedhas
Kikubaaqudgha
Nemelex Xobeh
Sif Muna
Beogh


Message History

The mass of ice explodes!
The iceblast engulfs the orc knight!!
The orc knight is heavily wounded.
The iceblast engulfs the orc knight!
The orc knight is moderately wounded.
Your orc closely misses the orc knight.
Your orc warrior hits the orc knight from afar with a +0 spear.
The orc knight closely misses you.
Your orc closely misses the orc knight.
Evoke which item? (* to show all) (? for menu, Esc to quit)
Aiming: Iceblast
Press: ? - help, Shift-Dir - straight line, f/p - orc knight
Aim: an orc knight, wielding a +0 glaive and wearing a +0 chain mail (heavily wounded, unusually strong)
The mass of ice explodes!
The iceblast engulfs the orc knight!
The orc knight is severely wounded.
The iceblast engulfs the orc knight!
The orc knight is heavily wounded.
Your orc hits the orc knight from afar with a +0 spear.
Your orc warrior closely misses the orc knight.
The orc knight hits you from afar with a +0 halberd!!
You die...
Beogh appreciates the orc knight's killing of a heretic priest.

#..???..#
#.......#
#.......#
#.......#
#.......#
#...oo..#
#.......#
#.ooo@#
#''oo'#
##....)##
#..))...#
#..).)..#
#...)...#
#....)..#
#..)....#
##.....##


You could see 2 orc knights, 2 friendly orc warriors and 3 friendly orcs.

Vanquished Creatures
  3 orc knights (Bailey)
  Edmund (D:4)
  Menkaure (D:4)
  A crocodile (Sewer)
  The ghost of Killmatronix the Ducker, an amateur SpAc of Makhleb (D:4)
  An orc warrior (D:7)
  A sky beast (D:5)
  2 ice beasts
  2 centaurs
  2 ogres
  2 bullfrogs
  A scorpion (D:5)
  A killer bee (D:7)
  A howler monkey (D:6)
  3 crimson imps
  A hound (D:4)
  A bullfrog zombie (D:5)
  2 orc priests (D:3)
  3 orc wizards
  Ijyb (D:3)
  Terence (D:2)
  Natasha (twice) (D:3)
  3 iguanas
  2 worker ants
  Robin (D:4)
  A howler monkey skeleton (D:6)
  9 adders
  2 oozes
  3 adder skeletons
  3 worms
  2 dart slugs
  5 leopard geckos
  29 orcs
  3 giant cockroaches
  12 hobgoblins
  20 jackals
  A quokka (D:3)
  2 bats (D:1)
  5 frilled lizards
  12 goblins
  A jackal skeleton (D:6)
  21 kobolds
  6 rats
177 creatures vanquished.

Vanquished Creatures (collateral kills)
  Pikel (D:4)
  A golden eye (D:5)
  A wyvern (D:6)
  Duvessa (D:5)
  4 orc warriors (Bailey)
  2 phantoms (D:7)
  A scorpion (D:5)
  2 killer bees (D:7)
  A howler monkey (D:4)
  An orc wizard (D:7)
  A worker ant (D:5)
  A killer bee zombie (D:6)
  A hound zombie (D:5)
  3 gnolls (D:5)
  A shadow imp (D:7)
  9 orcs
  A goblin (D:4)
  A hobgoblin (D:4)
  A jackal (D:4)
  A quokka zombie (D:6)
35 creatures vanquished.

Vanquished Creatures (others)
  An orc warrior (Bailey)
  An orc priest (D:7)
  An orc wizard (D:5)
  24 orcs
  2 fungi (D:3)
29 creatures vanquished.

Grand Total: 241 creatures vanquished

Notes
Turn   | Place    | Note
-------+----------+-------------------------------------------
     0 | D:1      | esc the Hill Orc Archaeologist began the quest for the Orb.
     0 | D:1      | Reached XP level 1. HP: 16/16 MP: 1/1
   185 | D:1      | Reached skill level 2 in Fighting
   254 | D:1      | Reached XP level 2. HP: 20/24 MP: 2/2
   865 | D:1      | Reached XP level 3. HP: 12/30 MP: 3/3
  1073 | D:2      | Found a faded altar of an unknown god.
  1274 | D:2      | Became a worshipper of Beogh the Brigand
  1274 | D:2      | Reached * piety under Beogh
  1298 | D:2      | Reached skill level 3 in Fighting
  1658 | D:2      | Noticed Terence
  1664 | D:2      | Killed Terence
  1665 | D:2      | Reached XP level 4. HP: 38/39 MP: 4/4
  2442 | D:3      | Reached skill level 1 in Armour
  2495 | D:3      | Noticed Natasha
  2516 | D:3      | Killed Natasha
  2517 | D:3      | Reached XP level 5. HP: 36/46 MP: 5/5
  2517 | D:3      | Identified a scroll of acquirement
  2528 | D:3      | Reached skill level 4 in Fighting
  2530 | D:3      | Reached ** piety under Beogh
  2542 | D:3      | Identified the ring "Kafextap" {Wiz *Slow MR++ Stlth+} (You
                  | acquired it on level 3 of the Dungeon)
  2819 | D:3      | Noticed Natasha
  2972 | D:3      | Found a blossoming altar of Fedhas.
  3293 | D:3      | Noticed a centaur
  3305 | D:3      | Killed a centaur
  3306 | D:3      | Reached skill level 5 in Fighting
  3306 | D:3      | Reached XP level 6. HP: 30/56 MP: 6/6
  3389 | D:3      | Killed Natasha
  3462 | D:3      | Noticed Ijyb
  3467 | D:3      | Killed Ijyb
  3608 | D:4      | Found a runed translucent door.
  3608 | D:4      | Noticed Killmatronix's ghost (amateur SpAc)
  3645 | D:4      | Killed Killmatronix's ghost
  3646 | D:4      | Reached XP level 7. HP: 54/62 MP: 7/7
  3730 | D:3      | Reached skill level 6 in Fighting
  3865 | D:4      | Noticed Menkaure
  3883 | D:4      | Killed Menkaure
  3884 | D:4      | Reached skill level 5 in Armour
  3927 | D:4      | Reached *** piety under Beogh
  3979 | D:4      | Noticed Edmund
  4005 | D:4      | Killed Edmund
  4006 | D:4      | Reached skill level 7 in Fighting
  4088 | D:4      | Reached XP level 8. HP: 56/73 MP: 8/8
  4162 | D:4      | Noticed Robin
  4192 | D:4      | Killed Robin
  4241 | D:4      | Gained Murdo as an ally
  4260 | D:4      | Noticed Pikel
  4267 | D:4      | Killed Pikel
  4268 | D:4      | Reached skill level 8 in Fighting
  4478 | D:4      | Found a staircase to the Ecumenical Temple.
  4618 | D:4      | Found a sparkling altar of Nemelex Xobeh.
  4651 | D:5      | Entered Level 5 of the Dungeon
  4806 | D:5      | Noticed Dowan
  4810 | D:5      | Noticed Dowan
  4810 | D:5      | Dowan changed into Dowan the sky beast
  4826 | D:5      | Killed Dowan the sky beast
  4827 | D:5      | Reached skill level 9 in Fighting
  4830 | D:5      | Noticed Prince Ribbit
  4831 | D:5      | Noticed Prince Ribbit
  4831 | D:5      | Prince Ribbit changed into Prince Ribbit the golden eye
  4835 | D:5      | Noticed Duvessa
  4853 | D:5      | Killed Prince Ribbit the golden eye
  4878 | D:5      | Killed Duvessa
  4879 | D:5      | Reached XP level 9. HP: 79/84 MP: 9/9
  5151 | D:5      | Reached **** piety under Beogh
  5215 | D:5      | Found an ancient bone altar of Kikubaaqudgha.
  5442 | D:6      | Reached skill level 10 in Fighting
  5467 | D:6      | Got a masterwork dagger
  5468 | D:6      | Identified the +5 dagger of the Original Sin {pierce,
                  | rElec} (You found it on level 6 of the Dungeon)
  5499 | D:6      | Found a shimmering blue altar of Sif Muna.
  5545 | D:6      | Found a glowing drain.
  5549 | D:6      | Found a sparkling altar of Nemelex Xobeh.
  5567 | D:6      | Gained Argrim as an ally
  5586 | Sewer    | Entered a sewer
  5797 | D:6      | Reached ***** piety under Beogh
  6196 | D:7      | Reached skill level 11 in Fighting
  6211 | D:7      | Gained Borgoth as an ally
  6276 | D:7      | Found a flagged portal.
  6295 | Bailey   | Entered a bailey
  6387 | Bailey   | Identified the +8 rapier "Kefimug" {vamp, Str+2} (You
                  | acquired it in a bailey)
  6392 | Bailey   | Noticed an orc knight
  6402 | Bailey   | Reached skill level 10 in Armour
  6406 | Bailey   | Reached XP level 10. HP: 44/96 MP: 10/10
  6511 | Bailey   | Noticed an orc knight
  6511 | Bailey   | Noticed an orc knight
  6518 | Bailey   | Noticed an orc knight
  6521 | Bailey   | Killed an orc knight
  6521 | Bailey   | Noticed an orc knight
  6523 | Bailey   | Killed an orc knight
  6527 | Bailey   | Slain by an orc knight

Skill      XL: |  1  2  3  4  5  6  7  8  9 |
---------------+----------------------------+-----
Fighting       | 2 3 5 7 9 11 | 11.9
Armour         | 1 3 4 5 7 10 | 10.5
Short Blades   | | 11.9
Long Blades    | | 11.9
Axes           | | 11.9
Maces & Flails | | 11.9
Polearms       | | 11.9
Staves         | | 11.9
Dodging        | |  2.4
Stealth        | |  2.6
Unarmed Combat | | 11.9

Action                   |  1- 3 |  4- 6 |  7- 9 | 10-12 || total
-------------------------+-------+-------+-------+-------++-------
Melee: Whip              |   170 |   276 |   120 |       ||   566
       Punch             |       |     4 |    12 |       ||    16
       Flail             |       |       |   277 |     4 ||   281
       Halberd           |       |       |    14 |       ||    14
 Fire: Blowgun           |     5 |       |    19 |     2 ||    26
Evoke: Wand              |       |     4 |     5 |     3 ||    12
  Use: Scroll            |     2 |     5 |     7 |       ||    14
       Potion            |       |     4 |     2 |     1 ||     7
 Stab: Sleeping          |     4 |       |       |       ||     4
       Distracted        |       |       |     1 |       ||     1
  Eat: Chunk             |     4 |     8 |    14 |       ||    26
       Ration            |     1 |     1 |     2 |       ||     4
Armor: Robe              |    47 |       |       |       ||    47
       Scale mail        |       |   133 |   198 |     2 ||   333
       Skin              |       |     2 |    39 |       ||    41
Dodge: Dodged            |   104 |   145 |   195 |     2 ||   446
